AoeStats
← Trashcan

Lombardia

509778073Analyzed
2v2 RM · 6d ago on Sep 28, 2026· 38m 2s· 4 players
Game mode
Random Map
Map size
Medium (4 player)
Population
200
Speed
Normal
Resources
Standard
Victory
Conquest
Starting age
Dark Age
Ending age
Imperial Age
RankedLock teamsTeams togetherTeam positionsShared explorationLock speedFull tech treeHidden civsTurbo modeCheats
Victory
Defeat
🇦🇷 Ethiopians · Argentina
873
+18
🇲🇽 Portuguese · Mexico
862
+18
🇺🇸 Italians · United States
910
-51
🇺🇸 Franks · United States
910
-51
GenaroCazador
11:29 Feudal Age
18:07 Castle Age
16:48 Stone Mining
19:01 Horse Collar
22:32 Double-Bit Axe
27:36 Gold Mining
28:23 Stone Shaft Mining
30:52 Bow Saw
36:17 Heavy Plow
Tinchoca
0:29 Loom
10:47 Feudal Age
20:17 Castle Age
23:31 Town Watch
24:21 Wheelbarrow
28:35 Murder Holes
29:04 Ballistics
Trashcan
15:17 Feudal Age
23:33 Castle Age
Ryan
7:56 Loom
14:02 Feudal Age
14:32 Double-Bit Axe
14:51 Horse Collar
17:33 Wheelbarrow
18:36 Man-at-Arms
23:06 Padded Archer Armor
25:11 Castle Age
Connection lost

Rejoining the realm…

Still unreachable

The connection could not be restored.

Session expired

The server has moved on; the page needs a fresh start.